[ AOE2 MATCH · #475421110 ]
Team RMCumans vs Bengalis
[ REPLAY ANALYSIS · EXTRACTED FROM THE RECORDED GAME ]
Feudal
—
Castle
—
Imperial
—
| APM avg | 19.2 |
| APM peak | 64 |
| eAPM avg | 15.9 |
| Villagers / military | 171 / 340 |
Focus
⚔️ 47.3% · 🌾 52.7%
Spearman ×302 · Fishing Ship ×15 · Battering Ram ×14 · Trebuchet (Packed) ×11 · Militia ×7 · Knight ×5
Feudal
15:57
Castle
28:45
Imperial
50:29
| APM avg | 25.7 |
| APM peak | 61 |
| eAPM avg | 18.6 |
| Villagers / military | 265 / 331 |
Focus
⚔️ 57.8% · 🌾 42.2%
Knight ×168 · Throwing Axeman ×114 · Militia ×19 · Spearman ×15 · Trebuchet (Packed) ×13 · Scout Cavalry ×2
Feudal
14:35
Castle
19:02
Imperial
45:17
| APM avg | 30.7 |
| APM peak | 88 |
| eAPM avg | 14.0 |
| Villagers / military | 233 / 265 |
Focus
⚔️ 34.8% · 🌾 65.2%
Huskarl ×197 · Archer ×29 · Fishing Ship ×19 · Spearman ×18 · Mangonel ×6 · Trebuchet (Packed) ×6
Feudal
14:25
Castle
22:03
Imperial
46:39
| APM avg | 19.6 |
| APM peak | 47 |
| eAPM avg | 12.0 |
| Villagers / military | 109 / 146 |
Focus
⚔️ 29.6% · 🌾 70.4%
Spearman ×73 · Ghulam ×63 · Fishing Ship ×25 · Trade Cog ×6 · Scout Cavalry ×5 · Unknown (2626) ×5
Feudal
17:08
Castle
29:39
Imperial
45:56
| APM avg | 13.7 |
| APM peak | 40 |
| eAPM avg | 10.9 |
| Villagers / military | 163 / 307 |
Focus
⚔️ 23.5% · 🌾 76.5%
Serjeant ×273 · Scorpion ×29 · Trebuchet (Packed) ×4 · Spearman ×1
Feudal
16:05
Castle
22:37
Imperial
39:46
| APM avg | 23.6 |
| APM peak | 61 |
| eAPM avg | 14.9 |
| Villagers / military | 95 / 216 |
Focus
⚔️ 40.7% · 🌾 59.3%
Spearman ×127 · Longboat ×54 · Fishing Ship ×24 · Trade Cog ×20 · Berserk ×17 · Archer ×10
Feudal
14:02
Castle
20:44
Imperial
41:27
| APM avg | 44.3 |
| APM peak | 87 |
| eAPM avg | 24.2 |
| Villagers / military | 149 / 270 |
Focus
⚔️ 45.2% · 🌾 54.8%
Knight ×129 · Hand Cannoneer ×52 · Spearman ×35 · Fishing Ship ×20 · Fire Galley ×12 · Monk ×9
Feudal
14:48
Castle
23:12
Imperial
47:58
| APM avg | 13.9 |
| APM peak | 49 |
| eAPM avg | 8.4 |
| Villagers / military | 99 / 166 |
Focus
⚔️ 25.3% · 🌾 74.7%
Battle Elephant ×146 · Fishing Ship ×42 · Ratha (Ranged) ×16 · Trade Cog ×12 · Transport Ship ×3 · Monk ×1
Match map
Resources at game start + every placement click. Thick line = wall · dashed box = detected house wall. 🟡 gold · ⚪ stone · 🟢 berries · 🔶 boar · ⭕ relic
Inputs per minute
— frizboum - - Willlin
Build order — frizboum
First 150 of 701 actions detected
| 1:24 | Build | Town Center |
| 1:30 | Build | House |
| 1:31 | Build | House |
| 1:41 | Build | Dock |
| 3:24 | Create | Villager (Male) |
| 3:25 | Create | Villager (Male) |
| 3:25 | Create | Villager (Male) |
| 3:26 | Create | Villager (Male) |
| 3:56 | Research | Loom |
| 4:25 | Create | Villager (Male) |
| 4:32 | Research | Loom |
| 4:47 | Create | Villager (Male) |
| 5:16 | Research | Loom |
| 5:44 | Create | Villager (Male) |
| 5:44 | Create | Villager (Male) |
| 6:13 | Create | Villager (Male) |
| 6:40 | Create | Villager (Male) |
| 6:48 | Create | Villager (Male) |
| 6:48 | Create | Villager (Male) |
| 7:20 | Build | House |
| 7:38 | Build | House |
| 7:39 | Build | House |
| 7:44 | Create | Villager (Male) |
| 7:44 | Create | Villager (Male) |
| 8:21 | Create | Villager (Male) |
| 8:22 | Create | Villager (Male) |
| 8:40 | Create | Villager (Male) |
| 9:03 | Create | Villager (Male) |
| 9:14 | Build | Lumber Camp |
| 9:25 | Create | Villager (Male) |
| 9:52 | Create | Villager (Male) |
| 10:34 | Build | Mill |
| 10:38 | Create | Villager (Male) |
| 10:52 | Create | Villager (Male) |
| 11:14 | Create | Villager (Male) |
| 11:52 | Create | Fishing Ship |
| 11:52 | Create | Fishing Ship |
| 11:56 | Create | Villager (Male) |
| 11:57 | Create | Villager (Male) |
| 12:19 | Create | Villager (Male) |
| 12:25 | Create | Fishing Ship |
| 12:25 | Create | Fishing Ship |
| 13:07 | Build | Mill |
| 13:08 | Create | Villager (Male) |
| 13:08 | Create | Villager (Male) |
| 13:14 | Build | House |
| 13:15 | Build | House |
| 13:16 | Build | House |
| 13:18 | Build | House |
| 13:25 | Create | Villager (Male) |
| 14:20 | Build | Barracks |
| 14:22 | Create | Villager (Male) |
| 14:22 | Create | Villager (Male) |
| 15:00 | Create | Villager (Male) |
| 15:10 | Build | Lumber Camp |
| 15:32 | Create | Militia |
| 15:32 | Create | Militia |
| 15:32 | Create | Militia |
| 15:33 | Create | Militia |
| 15:33 | Create | Militia |
| 15:33 | Create | Militia |
| 15:33 | Create | Militia |
| 15:40 | Create | Villager (Male) |
| 16:09 | Build | House |
| 16:10 | Build | House |
| 16:33 | Create | Villager (Male) |
| 17:06 | Create | Villager (Male) |
| 17:39 | Create | Villager (Male) |
| 17:42 | Create | Villager (Male) |
| 18:06 | Build | Dock |
| 18:25 | Research | Feudal Age |
| 18:33 | Build | House |
| 18:34 | Build | House |
| 18:35 | Build | House |
| 18:36 | Build | House |
| 18:50 | Build | Mining Camp |
| 19:06 | Create | Fishing Ship |
| 19:07 | Create | Fishing Ship |
| 19:09 | Create | Fishing Ship |
| 19:18 | Create | Villager (Male) |
| 20:10 | Create | Fishing Ship |
| 20:11 | Create | Fishing Ship |
| 20:11 | Create | Fishing Ship |
| 20:13 | Create | Fishing Ship |
| 20:48 | Build | Stable |
| 21:25 | Build | Market |
| 21:36 | Build | Town Center |
| 21:39 | Create | Villager (Male) |
| 21:40 | Create | Villager (Male) |
| 21:58 | Build | Watch Tower |
| 22:12 | Build | Blacksmith |
| 22:39 | Create | Villager (Male) |
| 22:44 | Create | Villager (Male) |
| 22:45 | Create | Villager (Male) |
| 22:52 | Build | Farm |
| 22:53 | Build | Farm |
| 22:55 | Build | Farm |
| 22:58 | Research | Wheelbarrow |
| 23:26 | Create | Villager (Male) |
| 23:26 | Create | Villager (Male) |
| 23:33 | Build | Farm |
| 23:34 | Build | Farm |
| 23:37 | Build | Farm |
| 23:40 | Create | Villager (Male) |
| 23:58 | Create | Villager (Male) |
| 24:05 | Build | Farm |
| 24:06 | Build | Farm |
| 24:08 | Build | Farm |
| 24:10 | Build | Farm |
| 24:11 | Build | Farm |
| 24:14 | Create | Villager (Male) |
| 24:15 | Create | Villager (Male) |
| 24:27 | Create | Villager (Male) |
| 24:27 | Create | Villager (Male) |
| 24:54 | Research | Double-Bit Axe |
| 25:18 | Build | Watch Tower |
| 25:23 | Build | Watch Tower |
| 25:26 | Create | Villager (Male) |
| 25:27 | Create | Villager (Male) |
| 25:36 | Build | Siege Workshop |
| 25:45 | Create | Villager (Male) |
| 25:45 | Create | Villager (Male) |
| 25:48 | Create | Villager (Male) |
| 25:48 | Create | Villager (Male) |
| 25:48 | Create | Villager (Male) |
| 26:13 | Create | Villager (Male) |
| 26:33 | Build | Watch Tower |
| 26:46 | Build | House |
| 26:47 | Build | House |
| 26:49 | Build | House |
| 26:54 | Build | Watch Tower |
| 27:03 | Build | House |
| 27:17 | Build | Farm |
| 27:18 | Build | Farm |
| 27:19 | Build | Farm |
| 27:21 | Create | Villager (Male) |
| 27:22 | Create | Villager (Male) |
| 27:28 | Research | Fletching |
| 27:52 | Build | Farm |
| 27:54 | Build | Farm |
| 28:03 | Create | Villager (Male) |
| 28:26 | Build | Mining Camp |
| 28:27 | Create | Villager (Male) |
| 28:28 | Create | Villager (Male) |
| 28:29 | Create | Villager (Male) |
| 28:31 | Create | Villager (Male) |
| 28:32 | Create | Villager (Male) |
| 28:33 | Create | Villager (Male) |
| 28:50 | Research | Horse Collar |
| 29:03 | Build | Mining Camp |
Build order — Willlin
First 150 of 804 actions detected
| 0:37 | Build | Town Center |
| 3:21 | Build | House |
| 3:24 | Build | House |
| 3:26 | Build | House |
| 3:27 | Build | House |
| 3:29 | Create | Villager (Male) |
| 3:29 | Create | Villager (Male) |
| 3:29 | Create | Villager (Male) |
| 3:38 | Research | Loom |
| 3:38 | Research | Loom |
| 3:53 | Create | Villager (Male) |
| 3:54 | Create | Villager (Male) |
| 5:00 | Create | Villager (Male) |
| 5:00 | Create | Villager (Male) |
| 5:34 | Build | Mill |
| 5:49 | Create | Villager (Male) |
| 5:49 | Create | Villager (Male) |
| 6:20 | Create | Villager (Male) |
| 6:20 | Create | Villager (Male) |
| 6:50 | Create | Villager (Male) |
| 6:51 | Create | Villager (Male) |
| 7:57 | Create | Villager (Male) |
| 7:57 | Create | Villager (Male) |
| 7:57 | Create | Villager (Male) |
| 7:58 | Create | Villager (Male) |
| 8:19 | Create | Villager (Male) |
| 8:20 | Create | Villager (Male) |
| 8:54 | Create | Villager (Male) |
| 8:54 | Create | Villager (Male) |
| 8:54 | Create | Villager (Male) |
| 9:17 | Create | Villager (Male) |
| 9:17 | Create | Villager (Male) |
| 9:18 | Create | Villager (Male) |
| 9:18 | Create | Villager (Male) |
| 9:42 | Create | Villager (Male) |
| 9:47 | Create | Villager (Male) |
| 10:13 | Create | Villager (Male) |
| 10:23 | Create | Villager (Male) |
| 10:23 | Create | Villager (Male) |
| 10:34 | Build | Lumber Camp |
| 10:36 | Create | Villager (Male) |
| 10:36 | Create | Villager (Male) |
| 10:54 | Create | Villager (Male) |
| 10:54 | Create | Villager (Male) |
| 11:05 | Create | Villager (Male) |
| 11:31 | Create | Villager (Male) |
| 11:31 | Create | Villager (Male) |
| 12:02 | Create | Villager (Male) |
| 12:02 | Create | Villager (Male) |
| 12:39 | Build | Mill |
| 12:43 | Create | Villager (Male) |
| 12:43 | Create | Villager (Male) |
| 12:43 | Create | Villager (Male) |
| 12:44 | Create | Villager (Male) |
| 12:44 | Create | Villager (Male) |
| 13:06 | Create | Villager (Male) |
| 13:07 | Create | Villager (Male) |
| 13:09 | Create | Villager (Male) |
| 13:09 | Create | Villager (Male) |
| 13:26 | Research | Feudal Age |
| 13:26 | Research | Feudal Age |
| 13:32 | Build | House |
| 13:36 | Build | House |
| 13:38 | Build | House |
| 13:39 | Build | House |
| 13:41 | Build | House |
| 13:47 | Create | Villager (Male) |
| 13:47 | Create | Villager (Male) |
| 13:56 | Create | Villager (Male) |
| 13:56 | Create | Villager (Male) |
| 13:56 | Create | Villager (Male) |
| 14:17 | Create | Villager (Male) |
| 14:17 | Create | Villager (Male) |
| 14:19 | Create | Villager (Male) |
| 14:19 | Create | Villager (Male) |
| 14:31 | Build | Mill |
| 14:40 | Create | Villager (Male) |
| 14:40 | Create | Villager (Male) |
| 14:41 | Create | Villager (Male) |
| 14:41 | Create | Villager (Male) |
| 15:03 | Build | Mining Camp |
| 15:06 | Create | Villager (Male) |
| 15:06 | Create | Villager (Male) |
| 15:45 | Build | Barracks |
| 15:53 | Build | House |
| 15:57 | Age | Feudal Age |
| 16:01 | Create | Villager (Male) |
| 16:02 | Create | Villager (Male) |
| 16:02 | Create | Villager (Male) |
| 16:16 | Research | Wheelbarrow |
| 16:28 | Build | Building 487 |
| 16:34 | Build | Stone Wall |
| 17:32 | Research | Man-at-Arms (upgrade) |
| 17:33 | Create | Militia |
| 17:33 | Create | Militia |
| 17:33 | Create | Militia |
| 17:33 | Create | Militia |
| 17:57 | Build | Building 487 |
| 18:01 | Build | Stone Wall |
| 18:10 | Create | Militia |
| 18:10 | Create | Militia |
| 18:11 | Create | Militia |
| 18:11 | Create | Militia |
| 18:20 | Create | Villager (Male) |
| 18:20 | Create | Villager (Male) |
| 18:21 | Create | Villager (Male) |
| 18:35 | Build | Farm |
| 18:37 | Build | Farm |
| 18:38 | Create | Villager (Male) |
| 18:38 | Create | Villager (Male) |
| 18:56 | Build | Farm |
| 19:00 | Build | Farm |
| 19:01 | Create | Villager (Male) |
| 19:01 | Create | Villager (Male) |
| 19:07 | Create | Militia |
| 19:07 | Create | Militia |
| 19:17 | Build | Farm |
| 19:27 | Build | Mill |
| 19:28 | Build | Farm |
| 19:30 | Create | Villager (Male) |
| 19:30 | Create | Villager (Male) |
| 19:38 | Create | Militia |
| 19:38 | Create | Militia |
| 19:48 | Build | Blacksmith |
| 19:55 | Build | Stable |
| 19:59 | Create | Villager (Male) |
| 19:59 | Create | Villager (Male) |
| 20:15 | Research | Arson |
| 20:15 | Research | Arson |
| 20:20 | Create | Militia |
| 20:21 | Create | Militia |
| 20:31 | Research | Forging |
| 20:32 | Research | Forging |
| 20:55 | Create | Villager (Male) |
| 21:01 | Build | Farm |
| 21:04 | Build | Farm |
| 21:05 | Build | Farm |
| 21:06 | Build | Farm |
| 21:07 | Build | Farm |
| 21:09 | Build | Farm |
| 21:10 | Build | Farm |
| 21:19 | Build | House |
| 21:21 | Build | House |
| 21:24 | Build | House |
| 21:30 | Build | Stone Wall |
| 21:34 | Build | Building 487 |
| 21:38 | Build | House |
| 21:46 | Create | Villager (Male) |
| 21:46 | Create | Villager (Male) |
| 21:46 | Create | Villager (Male) |
Build order — popsicle
First 150 of 683 actions detected
| 0:46 | Build | Town Center |
| 1:30 | Build | Dock |
| 1:36 | Build | Dock |
| 1:50 | Build | House |
| 2:22 | Build | House |
| 3:10 | Create | Villager (Male) |
| 3:10 | Create | Villager (Male) |
| 3:11 | Create | Villager (Male) |
| 3:11 | Create | Villager (Male) |
| 4:46 | Create | Villager (Male) |
| 4:46 | Create | Villager (Male) |
| 5:22 | Create | Fishing Ship |
| 5:53 | Create | Villager (Male) |
| 5:54 | Create | Villager (Male) |
| 5:55 | Create | Fishing Ship |
| 6:20 | Create | Villager (Male) |
| 6:26 | Build | House |
| 6:43 | Create | Villager (Male) |
| 7:03 | Create | Fishing Ship |
| 7:21 | Create | Villager (Male) |
| 7:27 | Build | House |
| 7:46 | Create | Fishing Ship |
| 7:47 | Create | Villager (Male) |
| 8:10 | Create | Villager (Male) |
| 8:24 | Create | Fishing Ship |
| 8:27 | Create | Villager (Male) |
| 8:48 | Create | Villager (Male) |
| 9:02 | Create | Fishing Ship |
| 9:14 | Build | House |
| 9:18 | Create | Villager (Male) |
| 9:20 | Create | Fishing Ship |
| 9:49 | Create | Villager (Male) |
| 10:04 | Create | Fishing Ship |
| 10:29 | Create | Villager (Male) |
| 10:33 | Build | House |
| 10:48 | Create | Fishing Ship |
| 10:48 | Create | Villager (Male) |
| 10:54 | Build | House |
| 11:10 | Create | Fishing Ship |
| 11:20 | Create | Villager (Male) |
| 11:34 | Build | Dock |
| 11:37 | Create | Villager (Male) |
| 11:56 | Build | Lumber Camp |
| 12:00 | Create | Villager (Male) |
| 12:03 | Create | Fishing Ship |
| 12:16 | Research | Feudal Age |
| 12:22 | Build | House |
| 12:58 | Build | Mining Camp |
| 13:39 | Build | Barracks |
| 13:55 | Build | House |
| 14:23 | Create | Villager (Male) |
| 14:27 | Research | Loom |
| 14:28 | Create | Villager (Male) |
| 14:28 | Create | Villager (Male) |
| 14:35 | Age | Feudal Age |
| 14:40 | Build | Archery Range |
| 14:48 | Build | Archery Range |
| 15:18 | Create | Villager (Male) |
| 15:24 | Build | Blacksmith |
| 15:41 | Build | House |
| 15:49 | Create | Archer |
| 15:50 | Create | Archer |
| 15:55 | Create | Villager (Male) |
| 16:22 | Research | Castle Age |
| 16:40 | Create | Fishing Ship |
| 16:41 | Create | Fishing Ship |
| 16:47 | Create | Spearman |
| 17:01 | Create | Archer |
| 17:07 | Create | Fishing Ship |
| 17:08 | Create | Fishing Ship |
| 17:15 | Create | Spearman |
| 17:23 | Research | Double-Bit Axe |
| 17:27 | Create | Archer |
| 17:35 | Create | Archer |
| 17:41 | Research | Gold Mining |
| 17:46 | Create | Archer |
| 18:07 | Build | House |
| 18:08 | Build | House |
| 18:34 | Create | Villager (Male) |
| 18:35 | Create | Archer |
| 18:38 | Create | Archer |
| 18:44 | Research | Fletching |
| 18:55 | Create | Archer |
| 18:56 | Create | Archer |
| 18:59 | Create | Villager (Male) |
| 19:02 | Age | Castle Age |
| 19:15 | Research | Tech 906 |
| 19:26 | Build | Dock |
| 19:28 | Create | Villager (Male) |
| 19:33 | Build | Town Center |
| 19:37 | Create | Villager (Male) |
| 19:59 | Research | Crossbowman (upgrade) |
| 20:00 | Research | Crossbowman (upgrade) |
| 20:17 | Create | Archer |
| 20:37 | Create | Villager (Male) |
| 20:52 | Build | Siege Workshop |
| 20:56 | Create | Villager (Male) |
| 21:05 | Create | Archer |
| 21:05 | Create | Archer |
| 21:23 | Create | Archer |
| 21:24 | Create | Archer |
| 21:25 | Create | Villager (Male) |
| 21:25 | Create | Villager (Male) |
| 21:35 | Create | Scorpion |
| 21:44 | Build | House |
| 21:48 | Build | House |
| 21:51 | Create | Villager (Male) |
| 22:09 | Create | Mangonel |
| 22:10 | Research | Bodkin Arrow |
| 22:30 | Build | Mining Camp |
| 22:34 | Create | Mangonel |
| 22:41 | Create | Villager (Male) |
| 22:41 | Create | Villager (Male) |
| 22:54 | Create | Battering Ram |
| 23:00 | Research | Padded Archer Armor |
| 23:05 | Create | Spearman |
| 23:05 | Create | Spearman |
| 23:26 | Create | Villager (Male) |
| 23:27 | Create | Villager (Male) |
| 23:42 | Create | Archer |
| 23:42 | Create | Archer |
| 23:42 | Create | Archer |
| 23:45 | Create | Villager (Male) |
| 23:45 | Create | Villager (Male) |
| 23:48 | Build | House |
| 23:48 | Build | House |
| 23:48 | Build | House |
| 23:49 | Build | House |
| 23:49 | Build | House |
| 23:52 | Build | House |
| 23:52 | Build | House |
| 23:53 | Build | House |
| 23:53 | Build | House |
| 23:54 | Create | Villager (Male) |
| 24:09 | Create | Villager (Male) |
| 24:09 | Create | Villager (Male) |
| 24:34 | Create | Villager (Male) |
| 24:35 | Create | Villager (Male) |
| 24:42 | Build | Town Center |
| 24:47 | Create | Archer |
| 24:47 | Create | Archer |
| 24:59 | Create | Mangonel |
| 25:08 | Create | Spearman |
| 25:08 | Create | Spearman |
| 25:33 | Create | Villager (Male) |
| 25:35 | Create | Archer |
| 25:36 | Create | Archer |
| 25:48 | Research | Pikeman (upgrade) |
| 26:26 | Create | Villager (Male) |
| 26:26 | Create | Villager (Male) |
Build order — Motobineuse
First 150 of 318 actions detected
| 0:06 | Build | Town Center |
| 0:19 | Build | House |
| 2:03 | Build | Dock |
| 2:36 | Create | Villager (Male) |
| 2:37 | Create | Villager (Male) |
| 2:37 | Create | Villager (Male) |
| 3:00 | Create | Villager (Male) |
| 3:29 | Create | Villager (Male) |
| 4:13 | Create | Villager (Male) |
| 4:54 | Build | House |
| 5:05 | Create | Villager (Male) |
| 5:45 | Create | Villager (Male) |
| 5:45 | Create | Villager (Male) |
| 5:50 | Create | Fishing Ship |
| 6:03 | Research | Loom |
| 6:03 | Create | Villager (Male) |
| 6:11 | Create | Villager (Male) |
| 6:40 | Create | Fishing Ship |
| 6:59 | Create | Villager (Male) |
| 6:59 | Create | Villager (Male) |
| 7:00 | Create | Villager (Male) |
| 7:19 | Create | Villager (Male) |
| 7:29 | Build | House |
| 7:48 | Build | House |
| 8:12 | Create | Villager (Male) |
| 8:21 | Create | Fishing Ship |
| 8:36 | Create | Villager (Male) |
| 8:56 | Create | Villager (Male) |
| 8:57 | Create | Villager (Male) |
| 8:59 | Create | Fishing Ship |
| 9:27 | Create | Fishing Ship |
| 9:58 | Create | Villager (Male) |
| 10:00 | Create | Fishing Ship |
| 10:34 | Build | House |
| 10:50 | Build | House |
| 11:01 | Build | Mill |
| 11:54 | Build | Mining Camp |
| 11:59 | Research | Feudal Age |
| 12:06 | Create | Fishing Ship |
| 12:59 | Build | Barracks |
| 13:08 | Build | Palisade Wall |
| 13:17 | Build | Palisade Wall |
| 13:19 | Build | Palisade Wall |
| 13:21 | Build | Palisade Wall |
| 14:14 | Build | Building 796 |
| 14:24 | Build | House |
| 14:25 | Age | Feudal Age |
| 14:38 | Build | Stable |
| 14:43 | Create | Villager (Male) |
| 14:45 | Create | Villager (Male) |
| 15:04 | Build | Watch Tower |
| 15:14 | Create | Villager (Male) |
| 15:15 | Create | Villager (Male) |
| 15:19 | Build | Lumber Camp |
| 15:33 | Create | Scout Cavalry |
| 15:49 | Create | Unit 2626 |
| 15:49 | Create | Unit 2626 |
| 15:52 | Create | Villager (Male) |
| 16:14 | Create | Scout Cavalry |
| 16:19 | Create | Scout Cavalry |
| 16:19 | Create | Scout Cavalry |
| 16:26 | Create | Unit 2626 |
| 16:27 | Create | Unit 2626 |
| 16:54 | Build | Blacksmith |
| 17:23 | Build | House |
| 17:40 | Build | House |
| 18:12 | Build | Mining Camp |
| 18:18 | Research | Scale Barding Armor |
| 18:19 | Research | Forging |
| 18:20 | Create | Villager (Male) |
| 18:30 | Create | Unit 2626 |
| 18:55 | Research | Bloodlines |
| 18:56 | Create | Scout Cavalry |
| 18:58 | Create | Villager (Male) |
| 18:59 | Create | Villager (Male) |
| 19:20 | Research | Castle Age |
| 19:26 | Build | Watch Tower |
| 20:11 | Research | Tech 906 |
| 20:45 | Research | Stone Mining |
| 21:02 | Create | Villager (Male) |
| 21:52 | Create | Villager (Male) |
| 22:02 | Build | Market |
| 22:03 | Age | Castle Age |
| 22:38 | Build | Mining Camp |
| 24:15 | Build | Town Center |
| 24:37 | Build | Castle |
| 25:04 | Build | House |
| 25:46 | Build | Castle |
| 25:54 | Research | Grand Trunk Road |
| 27:21 | Create | Ghulam |
| 27:33 | Create | Ghulam ×5 |
| 27:57 | Create | Ghulam |
| 27:58 | Create | Ghulam |
| 27:58 | Create | Ghulam |
| 28:04 | Create | Villager (Male) |
| 28:05 | Create | Villager (Male) |
| 28:06 | Create | Villager (Male) |
| 28:07 | Create | Villager (Male) |
| 28:08 | Create | Villager (Male) |
| 28:21 | Create | Villager (Male) |
| 28:21 | Create | Villager (Male) |
| 28:32 | Create | Ghulam ×5 |
| 29:24 | Create | Ghulam ×4 |
| 29:35 | Research | Scale Mail Armor |
| 29:50 | Create | Villager (Male) |
| 29:51 | Create | Villager (Male) |
| 29:51 | Create | Villager (Male) |
| 29:53 | Create | Villager (Male) |
| 29:53 | Create | Villager (Male) |
| 30:00 | Research | Gillnets |
| 30:00 | Create | Fishing Ship ×3 |
| 30:00 | Create | Fishing Ship ×3 |
| 30:33 | Create | Ghulam ×5 |
| 30:35 | Research | Chain Mail Armor |
| 30:50 | Create | Villager (Male) |
| 30:50 | Create | Villager (Male) |
| 32:04 | Create | Ghulam |
| 32:05 | Create | Ghulam |
| 32:05 | Create | Ghulam |
| 32:05 | Create | Ghulam |
| 32:06 | Create | Ghulam |
| 32:14 | Create | Demolition Raft |
| 32:51 | Build | Castle |
| 33:13 | Build | Castle |
| 35:50 | Build | Town Center |
| 37:37 | Create | Villager (Male) |
| 37:38 | Create | Villager (Male) |
| 37:38 | Create | Villager (Male) |
| 37:38 | Create | Villager (Male) |
| 37:39 | Create | Villager (Male) |
| 38:25 | Create | Villager (Male) |
| 38:25 | Create | Villager (Male) |
| 38:26 | Create | Villager (Male) |
| 38:31 | Build | Town Center |
| 38:43 | Build | Market |
| 38:46 | Create | Villager (Male) |
| 38:46 | Create | Villager (Male) |
| 38:47 | Create | Villager (Male) |
| 38:47 | Create | Villager (Male) |
| 38:48 | Create | Villager (Male) |
| 38:53 | Create | Petard |
| 39:19 | Create | Villager (Male) |
| 39:19 | Create | Villager (Male) |
| 39:38 | Build | Outpost |
| 39:39 | Build | Outpost |
| 39:41 | Build | Outpost |
| 39:43 | Build | Outpost |
| 39:45 | Build | Outpost |
| 40:09 | Create | Ghulam |
| 40:12 | Create | Ghulam |
Build order — cl8d
First 150 of 478 actions detected
| 1:13 | Build | Town Center |
| 3:16 | Build | House |
| 3:19 | Build | House |
| 3:26 | Create | Villager (Male) |
| 3:26 | Create | Villager (Male) |
| 3:26 | Create | Villager (Male) |
| 3:27 | Create | Villager (Male) |
| 4:28 | Build | Lumber Camp |
| 4:54 | Create | Villager (Male) |
| 5:21 | Create | Villager (Male) |
| 5:53 | Create | Villager (Male) |
| 6:15 | Create | Villager (Male) |
| 6:39 | Create | Villager (Male) |
| 7:11 | Create | Villager (Male) |
| 7:19 | Build | House |
| 7:20 | Build | House |
| 7:21 | Build | House |
| 7:34 | Create | Villager (Male) |
| 8:17 | Build | Mill |
| 8:18 | Create | Villager (Male) |
| 8:31 | Create | Villager (Male) |
| 9:02 | Build | Farm |
| 9:08 | Build | Farm |
| 9:09 | Build | Farm |
| 9:17 | Build | Farm |
| 9:18 | Research | Loom |
| 9:40 | Build | Farm |
| 9:47 | Create | Villager (Male) |
| 10:14 | Create | Villager (Male) |
| 10:18 | Build | Farm |
| 10:33 | Create | Villager (Male) |
| 10:43 | Build | Farm |
| 10:54 | Create | Villager (Male) |
| 11:07 | Build | Farm |
| 11:12 | Create | Villager (Male) |
| 11:31 | Build | Farm |
| 11:43 | Create | Villager (Male) |
| 11:43 | Create | Villager (Male) |
| 11:52 | Build | Farm |
| 11:53 | Build | Farm |
| 12:12 | Create | Villager (Male) |
| 12:12 | Create | Villager (Male) |
| 12:12 | Create | Villager (Male) |
| 12:23 | Build | Mining Camp |
| 12:55 | Build | Mining Camp |
| 13:05 | Create | Villager (Male) |
| 13:05 | Create | Villager (Male) |
| 13:16 | Build | Farm |
| 13:19 | Create | Villager (Male) |
| 13:20 | Create | Villager (Male) |
| 13:37 | Build | Farm |
| 14:01 | Create | Villager (Male) |
| 14:03 | Build | Farm |
| 14:14 | Build | House |
| 14:15 | Build | House |
| 14:22 | Create | Villager (Male) |
| 14:32 | Build | Outpost |
| 14:56 | Build | Farm |
| 14:58 | Research | Feudal Age |
| 15:08 | Build | Farm |
| 15:25 | Create | Villager (Male) |
| 16:19 | Build | Donjon |
| 16:40 | Build | Donjon |
| 17:08 | Age | Feudal Age |
| 17:09 | Create | Villager (Male) |
| 17:17 | Build | Blacksmith |
| 17:33 | Research | Stone Mining |
| 17:35 | Research | Wheelbarrow |
| 17:36 | Research | Town Watch |
| 18:00 | Research | Fletching |
| 18:16 | Research | Horse Collar |
| 18:18 | Research | Double-Bit Axe |
| 18:48 | Create | Villager (Male) |
| 18:48 | Create | Villager (Male) |
| 18:49 | Create | Villager (Male) |
| 19:08 | Create | Villager (Male) |
| 19:47 | Create | Villager (Male) |
| 20:08 | Build | Farm |
| 20:15 | Research | Gold Mining |
| 20:50 | Build | Stone Wall |
| 20:54 | Build | Stone Wall |
| 21:28 | Create | Villager (Male) |
| 21:28 | Create | Villager (Male) |
| 22:22 | Build | Stone Wall |
| 23:03 | Create | Villager (Male) |
| 23:04 | Create | Villager (Male) |
| 23:04 | Create | Villager (Male) |
| 23:04 | Create | Villager (Male) |
| 23:05 | Create | Villager (Male) |
| 23:07 | Create | Villager (Male) |
| 23:38 | Create | Villager (Male) |
| 23:39 | Create | Villager (Male) |
| 23:39 | Create | Villager (Male) |
| 24:00 | Build | Lumber Camp |
| 24:54 | Build | Lumber Camp |
| 25:45 | Build | Market |
| 25:48 | Build | House |
| 25:49 | Build | House |
| 25:49 | Build | House |
| 25:49 | Build | House |
| 25:50 | Build | House |
| 25:50 | Build | House |
| 25:51 | Build | House |
| 25:51 | Build | House |
| 25:51 | Build | House |
| 25:51 | Build | House |
| 26:32 | Build | Town Center |
| 26:59 | Research | Castle Age |
| 27:28 | Build | Mining Camp |
| 28:24 | Build | Stable |
| 28:29 | Build | Archery Range |
| 28:36 | Create | Serjeant |
| 29:12 | Build | Lumber Camp |
| 29:27 | Create | Spearman |
| 29:39 | Age | Castle Age |
| 29:42 | Research | Hand Cart |
| 30:06 | Build | Donjon |
| 32:03 | Build | Town Center |
| 32:18 | Build | Town Center |
| 32:33 | Build | Lumber Camp |
| 33:03 | Create | Villager (Male) |
| 33:03 | Create | Villager (Male) |
| 33:04 | Create | Villager (Male) |
| 33:04 | Create | Villager (Male) |
| 33:04 | Create | Villager (Male) |
| 33:04 | Create | Villager (Male) |
| 33:05 | Create | Villager (Male) |
| 33:05 | Create | Villager (Male) |
| 33:05 | Create | Villager (Male) |
| 33:14 | Build | House |
| 33:15 | Build | House |
| 33:16 | Build | House |
| 33:17 | Build | House |
| 33:18 | Build | House |
| 33:19 | Build | House |
| 33:21 | Build | House |
| 33:22 | Build | House |
| 33:23 | Build | House |
| 33:24 | Build | House |
| 33:25 | Build | House |
| 33:26 | Build | House |
| 33:26 | Build | House |
| 33:28 | Create | Villager (Male) |
| 33:29 | Create | Villager (Male) |
| 33:29 | Create | Villager (Male) |
| 33:29 | Create | Villager (Male) |
| 33:29 | Create | Villager (Male) |
| 33:30 | Create | Villager (Male) |
| 35:04 | Create | Villager (Male) |
| 35:04 | Create | Villager (Male) |
Build order — aganeysinmas
First 150 of 442 actions detected
| 2:53 | Build | Town Center |
| 3:33 | Build | Dock |
| 4:57 | Create | Villager (Male) |
| 4:57 | Create | Villager (Male) |
| 4:57 | Create | Villager (Male) |
| 4:57 | Create | Villager (Male) |
| 5:10 | Create | Fishing Ship |
| 5:42 | Research | Loom |
| 5:44 | Create | Villager (Male) |
| 5:46 | Create | Villager (Male) |
| 5:46 | Create | Villager (Male) |
| 6:04 | Build | House |
| 6:09 | Create | Villager (Male) |
| 7:22 | Create | Villager (Male) |
| 8:01 | Build | House |
| 8:10 | Create | Villager (Male) |
| 8:10 | Create | Villager (Male) |
| 8:11 | Create | Villager (Male) |
| 8:36 | Create | Villager (Male) |
| 9:08 | Create | Fishing Ship |
| 9:08 | Create | Fishing Ship |
| 9:35 | Create | Villager (Male) |
| 9:58 | Create | Fishing Ship |
| 10:03 | Build | House |
| 10:04 | Build | House |
| 10:14 | Create | Villager (Male) |
| 10:48 | Create | Fishing Ship |
| 11:17 | Create | Villager (Male) |
| 11:30 | Build | Lumber Camp |
| 11:37 | Create | Villager (Male) |
| 11:43 | Create | Fishing Ship |
| 12:45 | Create | Villager (Male) |
| 12:51 | Create | Fishing Ship |
| 13:08 | Build | Dock |
| 13:28 | Create | Fishing Ship |
| 13:35 | Build | House |
| 13:36 | Build | House |
| 13:55 | Research | Feudal Age |
| 14:00 | Create | Fishing Ship |
| 14:36 | Create | Villager (Male) |
| 14:36 | Create | Villager (Male) |
| 14:48 | Build | Mining Camp |
| 15:11 | Create | Fishing Ship |
| 15:12 | Create | Fishing Ship |
| 16:05 | Age | Feudal Age |
| 16:06 | Build | Barracks |
| 16:17 | Create | Villager (Male) |
| 16:55 | Create | Villager (Male) |
| 17:11 | Build | Blacksmith |
| 17:25 | Create | Villager (Male) |
| 18:17 | Build | Mill |
| 18:20 | Research | Double-Bit Axe |
| 18:21 | Create | Villager (Male) |
| 18:22 | Create | Villager (Male) |
| 18:25 | Create | Fishing Ship |
| 18:46 | Create | Villager (Male) |
| 19:01 | Build | House |
| 19:03 | Build | Palisade Wall |
| 19:14 | Build | Market |
| 19:29 | Create | Fishing Ship |
| 19:34 | Create | Fishing Ship |
| 19:35 | Create | Fishing Ship |
| 19:40 | Create | Villager (Male) |
| 19:46 | Build | House |
| 19:47 | Build | House |
| 19:56 | Research | Castle Age |
| 20:07 | Research | Tech 906 |
| 20:22 | Build | House |
| 20:24 | Build | Dock |
| 20:30 | Create | Fishing Ship |
| 20:31 | Create | Fishing Ship |
| 21:00 | Create | Fishing Ship |
| 21:00 | Create | Fishing Ship |
| 21:08 | Build | House |
| 21:10 | Build | House |
| 21:12 | Build | House |
| 21:20 | Build | House |
| 21:25 | Create | Fishing Ship |
| 21:25 | Create | Fishing Ship |
| 21:34 | Create | Fishing Ship |
| 21:37 | Build | House |
| 22:12 | Create | Villager (Male) |
| 22:37 | Age | Castle Age |
| 22:39 | Create | Villager (Male) |
| 22:42 | Build | Town Center |
| 22:53 | Create | Fishing Ship |
| 22:53 | Create | Fishing Ship |
| 23:00 | Research | Bow Saw |
| 23:00 | Research | Bow Saw |
| 23:09 | Build | House |
| 23:24 | Build | Mining Camp |
| 23:28 | Create | Villager (Male) |
| 23:29 | Create | Villager (Male) |
| 23:55 | Create | Longboat ×2 |
| 24:01 | Create | Longboat |
| 24:04 | Create | Villager (Male) |
| 24:04 | Create | Villager (Male) |
| 24:06 | Create | Villager (Male) |
| 24:27 | Create | Villager (Male) |
| 24:32 | Create | Longboat |
| 24:32 | Create | Longboat |
| 24:37 | Create | Longboat |
| 24:44 | Create | Longboat |
| 24:55 | Research | Fletching |
| 24:56 | Create | Villager (Male) |
| 24:56 | Create | Villager (Male) |
| 24:57 | Create | Villager (Male) |
| 25:13 | Create | Villager (Male) |
| 25:32 | Create | Longboat |
| 25:32 | Create | Longboat |
| 25:32 | Create | Longboat |
| 25:38 | Research | Bodkin Arrow |
| 26:04 | Build | Town Center |
| 26:07 | Create | Villager (Male) |
| 26:07 | Create | Villager (Male) |
| 26:07 | Create | Villager (Male) |
| 26:52 | Create | Longboat |
| 26:53 | Create | Longboat |
| 26:53 | Create | Longboat |
| 26:53 | Create | Longboat |
| 26:54 | Create | Longboat |
| 26:54 | Create | Longboat |
| 27:09 | Build | Dock |
| 27:12 | Build | Dock |
| 27:17 | Create | Villager (Male) |
| 27:18 | Create | Villager (Male) |
| 27:18 | Create | Villager (Male) |
| 27:34 | Create | Longboat |
| 27:34 | Create | Longboat |
| 27:34 | Create | Longboat |
| 27:40 | Research | Padded Archer Armor |
| 29:02 | Create | Longboat |
| 29:03 | Create | Longboat |
| 29:03 | Create | Longboat |
| 29:03 | Create | Longboat |
| 29:28 | Build | University |
| 29:29 | Build | House |
| 29:30 | Build | House |
| 29:36 | Create | Villager (Male) |
| 29:36 | Create | Villager (Male) |
| 29:37 | Create | Villager (Male) |
| 29:37 | Create | Villager (Male) |
| 29:47 | Research | Leather Archer Armor |
| 30:36 | Build | House |
| 30:37 | Build | House |
| 30:40 | Build | Lumber Camp |
| 30:57 | Create | Longboat |
| 30:57 | Create | Longboat |
| 30:57 | Create | Longboat |
| 30:58 | Create | Longboat |
Build order — yopkool
First 150 of 659 actions detected
| 0:23 | Build | Town Center |
| 1:06 | Build | House |
| 2:49 | Build | Dock |
| 2:53 | Create | Villager (Male) |
| 2:53 | Create | Villager (Male) |
| 2:53 | Create | Villager (Male) |
| 2:53 | Create | Villager (Male) |
| 4:12 | Create | Fishing Ship |
| 4:31 | Build | House |
| 4:42 | Research | Loom |
| 4:54 | Build | House |
| 4:59 | Create | Villager (Male) |
| 5:34 | Create | Villager (Male) |
| 6:13 | Create | Villager (Male) |
| 6:13 | Create | Villager (Male) |
| 6:41 | Create | Villager (Male) |
| 6:43 | Create | Fishing Ship |
| 7:04 | Create | Villager (Male) |
| 7:17 | Create | Fishing Ship |
| 7:17 | Create | Fishing Ship |
| 7:36 | Create | Villager (Male) |
| 7:51 | Create | Fishing Ship |
| 7:55 | Create | Villager (Male) |
| 8:14 | Build | House |
| 8:14 | Create | Villager (Male) |
| 8:17 | Build | House |
| 8:28 | Create | Villager (Male) |
| 8:47 | Create | Villager (Male) |
| 8:47 | Create | Villager (Male) |
| 9:12 | Build | Dock |
| 9:19 | Create | Villager (Male) |
| 9:32 | Build | Mill |
| 9:33 | Create | Villager (Male) |
| 9:37 | Create | Villager (Male) |
| 9:51 | Create | Villager (Male) |
| 9:59 | Create | Fishing Ship |
| 10:31 | Create | Fishing Ship |
| 10:33 | Create | Villager (Male) |
| 10:33 | Create | Villager (Male) |
| 10:51 | Create | Fishing Ship |
| 10:52 | Create | Fishing Ship |
| 10:53 | Create | Villager (Male) |
| 10:53 | Create | Villager (Male) |
| 10:53 | Create | Villager (Male) |
| 11:27 | Create | Villager (Male) |
| 11:34 | Create | Fishing Ship |
| 11:46 | Research | Feudal Age |
| 12:12 | Build | House |
| 12:14 | Build | House |
| 13:06 | Build | Dock |
| 13:11 | Create | Fishing Ship |
| 13:11 | Create | Fishing Ship |
| 13:32 | Build | House |
| 13:42 | Create | Villager (Male) |
| 13:43 | Create | Villager (Male) |
| 13:50 | Create | Fishing Ship |
| 13:53 | Create | Fishing Ship |
| 14:01 | Create | Villager (Male) |
| 14:02 | Age | Feudal Age |
| 14:07 | Create | Fire Galley |
| 14:16 | Build | Mining Camp |
| 14:16 | Create | Villager (Male) |
| 14:40 | Build | Lumber Camp |
| 14:47 | Create | Villager (Male) |
| 15:10 | Research | Double-Bit Axe |
| 15:52 | Build | Market |
| 15:53 | Create | Villager (Male) |
| 16:22 | Build | Blacksmith |
| 16:24 | Create | Villager (Male) |
| 16:24 | Create | Villager (Male) |
| 16:35 | Create | Fire Galley |
| 16:36 | Create | Fire Galley |
| 16:45 | Research | Wheelbarrow |
| 16:46 | Research | Town Watch |
| 16:54 | Build | House |
| 16:55 | Build | House |
| 16:57 | Build | House |
| 17:01 | Build | House |
| 17:11 | Research | Castle Age |
| 17:12 | Research | Castle Age |
| 17:19 | Create | Fishing Ship |
| 17:46 | Create | Villager (Male) |
| 17:49 | Build | Barracks |
| 18:13 | Build | House |
| 18:30 | Create | Villager (Male) |
| 18:31 | Create | Villager (Male) |
| 19:04 | Create | Fishing Ship |
| 19:04 | Create | Fishing Ship |
| 19:57 | Build | Stable |
| 20:00 | Build | House |
| 20:01 | Build | House |
| 20:04 | Create | Fire Galley |
| 20:05 | Create | Fire Galley |
| 20:05 | Create | Fire Galley |
| 20:15 | Create | Unit 2626 |
| 20:15 | Create | Unit 2626 |
| 20:38 | Create | Unit 2626 |
| 20:44 | Age | Castle Age |
| 20:47 | Research | War Galley (upgrade) |
| 20:49 | Create | Villager (Male) |
| 20:50 | Create | Villager (Male) |
| 20:53 | Build | Stable |
| 20:54 | Create | Scout Cavalry |
| 20:54 | Create | Scout Cavalry |
| 20:56 | Create | Knight |
| 20:56 | Create | Knight |
| 21:00 | Build | House |
| 21:04 | Build | Town Center |
| 21:17 | Create | Villager (Male) |
| 21:17 | Create | Villager (Male) |
| 21:30 | Build | House |
| 21:31 | Build | Stone Wall |
| 21:42 | Create | Knight |
| 21:46 | Create | Villager (Male) |
| 21:46 | Create | Villager (Male) |
| 21:50 | Build | Lumber Camp |
| 22:04 | Research | Scale Barding Armor |
| 22:04 | Research | Forging |
| 22:26 | Research | Tech 905 |
| 22:27 | Research | Tech 905 |
| 22:27 | Create | Fishing Ship |
| 22:30 | Build | House |
| 22:43 | Create | Villager (Male) |
| 22:44 | Create | Villager (Male) |
| 22:44 | Create | Villager (Male) |
| 22:44 | Create | Villager (Male) |
| 23:11 | Create | Villager (Male) |
| 23:11 | Create | Villager (Male) |
| 23:14 | Build | House |
| 23:24 | Create | Fishing Ship |
| 23:24 | Create | Fishing Ship |
| 23:52 | Build | Town Center |
| 23:58 | Build | Stone Wall |
| 24:01 | Build | Stone Wall |
| 24:04 | Create | Villager (Male) ×5 |
| 24:04 | Create | Villager (Male) ×5 |
| 24:27 | Research | Tech 906 |
| 24:27 | Research | Tech 906 |
| 24:28 | Research | Iron Casting |
| 24:59 | Create | Villager (Male) |
| 24:59 | Create | Villager (Male) |
| 25:00 | Create | Villager (Male) |
| 25:00 | Create | Villager (Male) |
| 25:00 | Create | Villager (Male) |
| 25:01 | Create | Villager (Male) |
| 25:03 | Create | Villager (Male) |
| 25:03 | Create | Villager (Male) |
| 25:18 | Build | House |
| 25:19 | Build | House |
| 25:31 | Create | Knight |
Build order — Duti
First 150 of 297 actions detected
| 0:39 | Build | Town Center |
| 2:25 | Build | House |
| 2:27 | Build | House |
| 3:21 | Create | Villager (Male) ×4 |
| 3:22 | Create | Villager (Male) ×4 |
| 3:22 | Create | Villager (Male) ×4 |
| 4:20 | Research | Loom |
| 4:41 | Create | Villager (Male) |
| 4:41 | Create | Villager (Male) |
| 5:19 | Build | Dock |
| 5:39 | Create | Villager (Male) |
| 5:39 | Create | Villager (Male) |
| 6:43 | Create | Villager (Male) |
| 6:44 | Create | Villager (Male) |
| 7:26 | Create | Villager (Male) ×3 |
| 7:26 | Create | Villager (Male) ×3 |
| 7:32 | Create | Fishing Ship |
| 7:32 | Create | Fishing Ship |
| 7:38 | Create | Villager (Male) |
| 7:38 | Create | Villager (Male) |
| 7:42 | Create | Fishing Ship |
| 7:43 | Create | Fishing Ship |
| 8:15 | Build | House |
| 8:23 | Create | Villager (Male) |
| 8:23 | Create | Villager (Male) |
| 8:34 | Build | House |
| 9:03 | Create | Villager (Male) ×3 |
| 9:04 | Create | Villager (Male) ×3 |
| 9:27 | Create | Fishing Ship |
| 9:27 | Create | Fishing Ship |
| 9:58 | Create | Fishing Ship |
| 9:58 | Create | Fishing Ship |
| 10:02 | Create | Villager (Male) ×2 |
| 10:02 | Create | Villager (Male) ×2 |
| 10:11 | Create | Fishing Ship |
| 10:12 | Create | Fishing Ship |
| 10:46 | Build | Lumber Camp |
| 10:58 | Build | House |
| 10:59 | Build | House |
| 11:18 | Create | Fishing Ship |
| 11:18 | Create | Fishing Ship |
| 11:31 | Create | Villager (Male) |
| 11:35 | Create | Fishing Ship |
| 11:36 | Create | Fishing Ship |
| 11:36 | Create | Fishing Ship |
| 11:48 | Build | House |
| 11:51 | Build | House |
| 11:55 | Build | House |
| 12:38 | Research | Feudal Age |
| 12:39 | Research | Feudal Age |
| 12:43 | Create | Fishing Ship ×2 |
| 12:43 | Create | Fishing Ship ×2 |
| 13:07 | Create | Fishing Ship |
| 13:17 | Build | House |
| 13:34 | Create | Fishing Ship |
| 13:52 | Create | Fishing Ship |
| 14:48 | Age | Feudal Age |
| 14:51 | Build | Watch Tower |
| 14:57 | Build | Mining Camp |
| 15:32 | Create | Villager (Male) ×5 |
| 16:29 | Build | Mill |
| 16:47 | Research | Double-Bit Axe |
| 16:47 | Research | Double-Bit Axe |
| 16:50 | Create | Villager (Male) ×5 |
| 16:58 | Research | Tech 906 |
| 17:11 | Build | Watch Tower |
| 18:34 | Build | Mining Camp |
| 19:02 | Build | Market |
| 19:08 | Create | Villager (Male) ×5 |
| 19:14 | Research | Stone Mining |
| 19:14 | Research | Stone Mining |
| 19:35 | Build | Blacksmith |
| 20:21 | Research | Castle Age |
| 20:21 | Research | Castle Age |
| 20:48 | Research | Fletching |
| 21:33 | Build | House |
| 21:34 | Build | House |
| 21:35 | Build | House |
| 21:36 | Build | House |
| 21:54 | Build | Dock |
| 22:07 | Build | Dock |
| 22:09 | Build | Dock |
| 22:16 | Build | Mill |
| 23:12 | Age | Castle Age |
| 23:16 | Build | Castle |
| 23:50 | Create | Villager (Male) ×5 |
| 24:52 | Research | Town Watch |
| 27:16 | Build | Mining Camp |
| 27:46 | Build | Dock |
| 28:07 | Create | Ratha (Ranged) |
| 28:14 | Research | Gold Mining |
| 28:14 | Research | Gold Mining |
| 29:08 | Create | Ratha (Ranged) |
| 29:42 | Create | Transport Ship |
| 29:42 | Create | Transport Ship |
| 35:44 | Build | Town Center |
| 35:54 | Build | Town Center |
| 36:04 | Create | Transport Ship |
| 36:16 | Build | Mining Camp |
| 36:32 | Research | Gillnets |
| 36:54 | Build | Mining Camp |
| 37:36 | Create | Villager (Male) ×5 |
| 38:30 | Build | House |
| 38:31 | Build | House |
| 38:34 | Build | House |
| 38:35 | Build | House |
| 38:35 | Build | House |
| 38:35 | Build | House |
| 38:35 | Build | House |
| 38:50 | Create | Villager (Male) ×5 |
| 40:35 | Build | Market |
| 40:43 | Create | Villager (Male) ×5 |
| 40:47 | Create | Villager (Male) ×5 |
| 41:10 | Build | Lumber Camp |
| 42:19 | Research | Bow Saw |
| 42:19 | Research | Bow Saw |
| 42:39 | Create | Villager (Male) ×5 |
| 42:44 | Build | House |
| 42:45 | Build | House |
| 42:46 | Build | House |
| 42:49 | Build | House |
| 42:49 | Build | House |
| 42:49 | Build | House |
| 42:50 | Build | House |
| 42:50 | Build | House |
| 42:50 | Build | House |
| 42:51 | Build | House |
| 42:51 | Build | House |
| 42:51 | Build | House |
| 42:51 | Build | House |
| 42:52 | Build | House |
| 42:52 | Build | House |
| 43:07 | Build | Barracks |
| 44:41 | Build | Stable |
| 44:43 | Build | Stable |
| 44:48 | Research | Imperial Age |
| 44:48 | Research | Imperial Age |
| 44:52 | Research | Wheelbarrow |
| 44:52 | Research | Wheelbarrow |
| 45:28 | Build | Blacksmith |
| 45:32 | Build | Blacksmith |
| 45:33 | Build | Blacksmith |
| 45:46 | Build | Dock |
| 45:48 | Build | Dock |
| 45:50 | Build | Dock |
| 46:04 | Research | Gold Shaft Mining |
| 46:12 | Build | Monastery |
| 46:16 | Build | Stable |
| 46:18 | Build | Stable |
| 46:27 | Research | Husbandry |
Match timeline
| 1:30 | popsicle · first_building Dock |
| 1:41 | frizboum · first_building Dock |
| 2:03 | Motobineuse · first_building Dock |
| 2:49 | yopkool · first_building Dock |
| 3:33 | aganeysinmas · first_building Dock |
| 5:19 | Duti · first_building Dock |
| 12:59 | Motobineuse · first_building Barracks |
| 13:08 | Motobineuse · wall_segment Palisade Wall x4 |
| 13:17 | Motobineuse · wall_segment Palisade Wall x1 |
| 13:19 | Motobineuse · wall_segment Palisade Wall x1 |
| 13:21 | Motobineuse · wall_segment Palisade Wall x6 |
| 13:39 | popsicle · first_building Barracks |
| 14:02 | yopkool · age_up feudal |
| 14:20 | frizboum · first_building Barracks |
| 14:25 | Motobineuse · age_up feudal |
| 14:35 | popsicle · age_up feudal |
| 14:38 | Motobineuse · first_building Stable |
| 14:40 | popsicle · first_building Archery Range |
| 14:48 | Duti · age_up feudal |
| 15:45 | Willlin · first_building Barracks |
| 15:57 | Willlin · age_up feudal |
| 16:05 | aganeysinmas · age_up feudal |
| 16:06 | aganeysinmas · first_building Barracks |
| 16:19 | cl8d · first_building Donjon |
| 16:34 | Willlin · wall_segment Stone Wall x1 |
| 17:08 | cl8d · age_up feudal |
| 17:49 | yopkool · first_building Barracks |
| 18:01 | Willlin · wall_segment Stone Wall x1 |
| 19:02 | popsicle · age_up castle |
| 19:03 | aganeysinmas · wall_segment Palisade Wall x1 |
| 19:55 | Willlin · first_building Stable |
| 19:57 | yopkool · first_building Stable |
| 20:13 | Duti · first_market_sell 100 wood |
| 20:44 | yopkool · age_up castle |
| 20:48 | frizboum · first_building Stable |
| 20:50 | cl8d · wall_segment Stone Wall x17 |
| 20:52 | popsicle · first_building Siege Workshop |
| 20:54 | cl8d · wall_segment Stone Wall x17 |
| 21:30 | Willlin · wall_segment Stone Wall x4 |
| 21:31 | yopkool · wall_segment Stone Wall x5 |
| 22:03 | Motobineuse · age_up castle |
| 22:22 | cl8d · wall_segment Stone Wall x1 |
| 22:37 | aganeysinmas · age_up castle |
| 23:12 | Duti · age_up castle |
| 23:16 | Duti · first_building Castle |
| 23:44 | yopkool · first_market_buy 100 wood |
| 23:58 | yopkool · wall_segment Stone Wall x15 |
| 24:01 | yopkool · wall_segment Stone Wall x1 |
| 24:18 | Motobineuse · first_market_buy 100 stone |
| 24:37 | Motobineuse · first_building Castle |
| 24:40 | frizboum · first_market_sell 100 wood |
| 24:53 | aganeysinmas · first_market_sell 100 stone |
| 25:36 | Duti · tribute_sent a jugador 1 |
| 25:36 | Duti · tribute_sent a jugador 2 |
| 25:36 | Duti · tribute_sent a jugador 3 |
| 25:36 | Duti · tribute_sent a jugador 4 |
| 25:36 | Duti · tribute_sent a jugador 5 |
| 25:36 | Duti · tribute_sent a jugador 6 |
| 25:36 | Duti · tribute_sent a jugador 8 |
| 25:36 | frizboum · first_building Siege Workshop |
| 25:46 | aganeysinmas · first_market_buy 100 wood |
| 26:03 | yopkool · first_building Castle |
| 26:18 | cl8d · first_market_sell 100 food |
| 26:20 | frizboum · first_market_buy 100 stone |
| 28:24 | cl8d · first_building Stable |
| 28:29 | cl8d · first_building Archery Range |
| 28:45 | Willlin · age_up castle |
| 29:26 | yopkool · first_building Siege Workshop |
| 29:39 | cl8d · age_up castle |
| 30:45 | popsicle · first_building Castle |
| 32:51 | cl8d · first_market_buy 100 food |
| 34:10 | yopkool · first_building Archery Range |
| 35:06 | aganeysinmas · tribute_sent a jugador 1 |
| 35:06 | aganeysinmas · tribute_sent a jugador 2 |
| 35:06 | aganeysinmas · tribute_sent a jugador 3 |
| 35:06 | aganeysinmas · tribute_sent a jugador 4 |
| 35:06 | aganeysinmas · tribute_sent a jugador 6 |
| 35:06 | aganeysinmas · tribute_sent a jugador 7 |
| 35:06 | aganeysinmas · tribute_sent a jugador 8 |
| 35:49 | aganeysinmas · first_building Monastery |
| 37:17 | aganeysinmas · wall_segment Stone Wall x1 |
| 37:20 | aganeysinmas · wall_segment Stone Wall x12 |
| 38:08 | aganeysinmas · wall_segment Stone Wall x13 |
| 39:09 | aganeysinmas · wall_segment Stone Wall x12 |
| 39:13 | aganeysinmas · wall_segment Stone Wall x6 |
| 39:22 | aganeysinmas · wall_segment Stone Wall x15 |
| 39:27 | cl8d · first_building Monastery |
| 39:34 | cl8d · first_building Siege Workshop |
| 39:38 | Willlin · first_building Castle |
| 39:46 | aganeysinmas · age_up imperial |
| 40:16 | aganeysinmas · wall_segment Stone Wall x15 |
| 40:22 | aganeysinmas · wall_segment Stone Wall x10 |
| 40:44 | aganeysinmas · first_building Castle |
| 40:50 | yopkool · first_market_sell 100 wood |
| 41:27 | yopkool · age_up imperial |
| 42:06 | Duti · tribute_sent a jugador 1 |
| 42:06 | Duti · tribute_sent a jugador 2 |
| 42:06 | Duti · tribute_sent a jugador 3 |
| 42:06 | Duti · tribute_sent a jugador 4 |
| 42:06 | Duti · tribute_sent a jugador 5 |
| 42:06 | Duti · tribute_sent a jugador 6 |
| 42:06 | Duti · tribute_sent a jugador 8 |
| 42:52 | aganeysinmas · first_building Siege Workshop |
| 43:07 | Duti · first_building Barracks |
| 44:41 | Duti · first_building Stable |
| 45:17 | popsicle · age_up imperial |
| 45:34 | frizboum · first_building Monastery |
| 45:56 | cl8d · age_up imperial |
| 45:59 | aganeysinmas · wall_segment Stone Wall x7 |
| 46:00 | cl8d · first_building Castle |
| 46:09 | aganeysinmas · wall_segment Stone Wall x15 |
| 46:12 | Duti · first_building Monastery |
| 46:39 | Motobineuse · age_up imperial |
| 46:57 | frizboum · first_building Castle |
| 47:58 | Duti · age_up imperial |
| 50:29 | Willlin · age_up imperial |
| 51:47 | aganeysinmas · first_building Archery Range |
| 59:22 | aganeysinmas · wall_segment Palisade Wall x1 |
| 59:27 | aganeysinmas · wall_segment Stone Wall x1 |
| 64:25 | Motobineuse · first_building Archery Range |
| 64:36 | yopkool · first_building Monastery |
| 66:21 | Willlin · resign |
[ AI ANALYSIS · 1 CREDIT ]
What really happened in this match?
Wolo.gg analyzes every decision: build order, eco, micro, common mistakes by bracket. Personalized analysis on WhatsApp or Discord in 30 seconds.
Civ guide
Cumans
Map guide
Nomad
Perfil
frizboum